 Dungeon Crawl Stone Soup version 0.17-a0-737-gf0a300a (webtiles) character file.

74 Ngotmuk the Covered (level 4, 0/42 HPs)
             Began as a Deep Dwarf Fighter on May 8, 2015.
             Slain by Crazy Yiuf
             ... wielding a +2 quarterstaff of chaos
              (19 damage)
             ... on level 2 of the Dungeon.
             The game lasted 00:04:01 (1103 turns).

Ngotmuk the Covered (Deep Dwarf Fighter)            Turns: 1103, Time: 00:04:01

Health: 0/42       AC:  7    Str: 21    XL:     4   Next: 10%
Magic:  4/4        EV:  8    Int:  8    God:
Gold:   84         SH:  9    Dex: 12    Spells: 0 memorised, 3 levels left

rFire  . . .     SeeInvis .     a - +0 war axe
rCold  . . .     Clarity  .     h - +0 ring mail (curse)
rNeg   . . .     SustAb   .     c - +0 shield
rPois  .         Gourm    .     (no helmet)
rElec  .         Spirit   .     t - +0 cloak (curse)
rCorr  .         Warding  .     (no gloves)
rMut   .         Stasis   .     (no boots)
MR     .....                    (no amulet)
Stlth  +.........               (no ring)
                                (no ring)

@: non-regenerating, not resistant to hostile enchantments, very unstealthy
A: damage resistance, recharge devices, sense surroundings 1, slow healing 3
a: Device Recharging


You were on level 2 of the Dungeon.
You were hungry.

You visited 1 branch of the dungeon, and saw 2 of its levels.

You collected 84 gold pieces.

Inventory:

Hand weapons
 a - a +0 war axe (weapon)
Armour
 c - a +0 shield (worn)
 h - a cursed +0 ring mail (worn)
 t - a cursed +0 cloak (worn)
Magical devices
 e - a wand of heal wounds (4)
Scrolls
 b - 4 scrolls of identify {unknown}
 g - a scroll of random uselessness {unknown}
 i - a scroll of recharging {unknown}
 k - a scroll of enchant weapon {unknown}
 l - a scroll of immolation {unknown}
 n - a scroll of fear {unknown}
 p - a scroll of magic mapping {unknown}
 q - a scroll of fog {unknown}
 s - 2 scrolls of blinking {unknown}
Potions
 d - a potion of might
 o - a potion of resistance {unknown}
 r - a potion of cancellation {unknown}
 u - 2 potions of curing {unknown}
 v - a potion of agility {unknown}
 x - a potion of restore abilities {unknown}
Comestibles
 f - 2 bread rations
 j - 2 meat rations
 m - a beef jerky
 w - 2 fruits


   Skills:
 * Level 3.2 Fighting
 * Level 3.6 Axes
 + Level 3.7 Armour
 + Level 3.5 Shields


You had 3 spell levels left.
You didn't know any spells.

Dungeon Overview and Level Annotations

Branches:
Dungeon (2/15)

Altars:

Annotations:
D:2 Crazy Yiuf


Innate Abilities, Weirdness & Mutations

You are resistant to damage.
You can recharge devices by infusing magical energy.
You passively map a small area around you.
You do not heal naturally.


Message History

No target in view!
No target in view!
No target in view!
u - 2 bubbling pink potions (gained 1)
j - 2 meat rations (gained 1)
You now have 84 gold pieces (gained 5).
x - a bubbling dark potion As you open the door, it creaks loudly!
Crazy Yiuf the Enlightened comes into view.
He is wielding a quarterstaff of chaos.
Crazy Yiuf yells, "Defame bag hand!"
Found a hammer.
There is an open door here.
You slash Crazy Yiuf!
Crazy Yiuf is moderately wounded.
Crazy Yiuf barely misses you.
You slash Crazy Yiuf!
Crazy Yiuf is almost dead.
Crazy Yiuf hits you with a quarterstaff of chaos.
You are electrocuted!
You die...

#.........# #....#
#.##.###### ♣....♣
#.##.# ♣...♣♣
#.##.# ♣♣.♣♣
#.##.# ♣.♣♣
##.##.###### ♣♣.♣
...........# ♣.♣♣
* ...........#
♣♣.♣ ....#.####.#
#@#* .......# #.#
#.g.# ,
....#..###.# #...#
* * .#.##....#.#
#..)# *
.#.###.#...# #####
.#.# #.....#
.#.#####...######
* *
.#.......<......#
,#######.#.#...##*
*


You could see Crazy Yiuf.

Vanquished Creatures
  4 adders (D:2)
  An ooze (D:1)
  2 worms (D:2)
  3 giant geckos
  A ball python (D:1)
  3 bats (D:2)
  A hobgoblin (D:2)
  2 kobolds (D:1)
  2 giant cockroaches (D:2)
  2 giant newts (D:2)
  5 goblins
  3 rats
29 creatures vanquished.

Vanquished Creatures (others)
  4 toadstools (D:1)
4 creatures vanquished.

Grand Total: 33 creatures vanquished

Notes
Turn   | Place    | Note
--------------------------------------------------------------
     0 | D:1      | Ngotmuk, the Deep Dwarf Fighter, began the quest for the Orb.
     0 | D:1      | Reached XP level 1. HP: 20/20 MP: 1/1
   350 | D:1      | Reached XP level 2. HP: 27/27 MP: 2/2
   739 | D:2      | Reached XP level 3. HP: 25/34 MP: 3/3
   936 | D:2      | HP: 1/34 [adder (3)]
  1005 | D:2      | Reached XP level 4. HP: 23/42 MP: 4/4
  1100 | D:2      | Noticed Crazy Yiuf
  1103 | D:2      | Slain by Crazy Yiuf

Action                   |  1- 3 |  4- 6 || total
-------------------------+-------+-------++-------
Melee: War axe           |    99 |     5 ||   104
Evoke: Wand              |     1 |       ||     1
